AoeStats
← Varila

African Clearing

510421695Analyzed
4v4 RM · 10h ago on Sep 30, 2026· 58m 28s· 8 players
Game mode
Random Map
Map size
Large (8 player)
Population
200
Speed
Normal
Resources
Standard
Victory
Conquest
Starting age
Dark Age
Ending age
Imperial Age
RankedLock teamsTeams togetherTeam positionsShared explorationLock speedFull tech treeHidden civsTurbo modeCheats
Victory
Defeat
🇬🇧 Sicilians · United Kingdom
968
+11
🇿🇦 Goths · South Africa
949
+12
🇨🇳 Khmer · China
902
+13
🇧🇷 Turks · Brazil
861
+15
🇦🇷 Dravidians · Argentina
859
-13
🇺🇦 Goths · Ukraine
844
-36
🇨🇦 Huns · Canada
843
-13
🇦🇷 Cumans · Argentina
840
-12
Xeno
10:00 Loom
15:36 Feudal Age
23:27 Castle Age
25:21 Double-Bit Axe
25:32 Horse Collar
29:02 Bloodlines
29:26 Husbandry
32:48 Bow Saw
32:50 Heavy Plow
37:42 Imperial Age
38:51 Cavalier
41:36 Two-Man Saw
42:36 Caravan
44:47 Conscription
44:01 Paladin
44:56 Forging
44:52 Scale Barding Armor
48:22 Masonry
48:08 Murder Holes
51:17 Iron Casting
51:17 Chain Barding Armor
51:32 Pikeman
52:12 Squires
52:03 Arson
53:03 Halberdier
55:50 Light Cavalry
Varila
4:27 Loom
14:52 Feudal Age
16:28 Double-Bit Axe
19:27 Horse Collar
19:13 Man-at-Arms
36:44 Castle Age
41:54 Anarchy
45:06 Imperial Age
43:38 Town Watch
44:31 Wheelbarrow
43:42 Town Watch
44:05 Pikeman
45:40 Squires
46:19 Conscription
Dearboy
3:49 Loom
16:08 Feudal Age
16:52 Double-Bit Axe
18:56 Wheelbarrow
18:17 Gold Mining
19:32 Double-Bit Axe
19:40 Horse Collar
20:28 Town Watch
27:15 Castle Age
26:18 Stone Mining
26:59 Bloodlines
26:59 Scale Barding Armor
27:05 Forging
28:15 Hand Cart
28:23 Heavy Plow
28:04 Light Cavalry
29:16 Chain Barding Armor
29:46 Iron Casting
30:54 Padded Archer Armor
34:15 Bow Saw
35:58 Steppe Husbandry
36:47 Leather Archer Armor
36:22 Fletching
41:28 Imperial Age
42:23 Ballistics
41:48 Cavalier
44:06 Chemistry
43:32 Town Patrol
44:49 Conscription
45:16 Crop Rotation
47:04 Blast Furnace
46:05 Scale Mail Armor
46:40 Plate Barding Armor
47:19 Hussar
JUSTICIA
13:53 Feudal Age
16:12 Double-Bit Axe
16:26 Horse Collar
21:08 Castle Age
21:43 Wheelbarrow
22:14 Bow Saw
24:24 Heavy Plow
26:55 Fletching
29:30 Ballistics
29:56 Crossbowman
31:54 Thumb Ring
31:30 Pikeman
32:11 Squires
31:57 Arson
33:47 Hand Cart
38:21 Imperial Age
35:45 Gold Mining
35:49 Stone Mining
36:59 Murder Holes
39:44 Man-at-Arms
40:10 Gambesons
39:46 Halberdier
42:38 Long Swordsman
42:51 Elite Skirmisher
42:53 Elite Elephant Archer
42:55 Arbalester
45:11 Chemistry
44:29 Bodkin Arrow
44:35 Padded Archer Armor
44:48 Forging
44:40 Scale Mail Armor
44:04 Two-Handed Swordsman
47:06 Guilds
Horahlooks
8:21 Loom
15:19 Feudal Age
17:39 Double-Bit Axe
20:41 Castle Age
18:55 Horse Collar
22:19 Bow Saw
22:29 Fletching
24:06 Bodkin Arrow
26:03 Bloodlines
30:25 Gold Mining
30:20 Pikeman
31:30 Heavy Plow
32:14 Ballistics
31:58 Padded Archer Armor
35:19 Gold Shaft Mining
36:31 Wheelbarrow
35:41 Town Watch
37:02 Husbandry
37:20 Leather Archer Armor
37:07 Scale Mail Armor
37:17 Forging
37:36 Hand Cart
37:58 Hand Cart
39:14 First Crusade
39:20 Chain Mail Armor
42:40 Imperial Age
40:51 Chain Mail Armor
41:03 Masonry
41:18 Squires
41:03 Gambesons
43:27 Cranequins
45:30 Halberdier
46:22 Heavy Mounted Crossbowman
49:10 Stone Mining
50:48 Bracer
52:54 Chemistry
52:51 Crop Rotation
53:57 Conscription
Malcupa
9:57 Loom
23:37 Feudal Age
24:08 Double-Bit Axe
24:05 Horse Collar
24:18 Gold Mining
24:23 Stone Mining
25:34 Wheelbarrow
24:45 Town Watch
27:17 Scale Mail Armor
32:12 Castle Age
30:47 Fletching
32:51 Forging
33:05 Bow Saw
33:00 Heavy Plow
33:40 Squires
35:48 Bodkin Arrow
35:17 Pikeman
35:20 Man-at-Arms
38:02 Masonry
37:35 Treadmill Crane
37:33 Long Swordsman
39:58 Hand Cart
39:48 Murder Holes
40:17 Chain Mail Armor
40:41 Iron Casting
41:53 Masonry
46:42 Imperial Age
45:17 Ballistics
47:53 Conscription
48:48 Blast Furnace
47:15 Two-Handed Swordsman
47:16 Halberdier
49:12 Two-Man Saw
48:47 Guilds
49:14 Bracer
49:31 Champion
51:25 Perfusion
52:08 Architecture
52:40 Chemistry
電動遊戯
5:10 Loom
13:38 Feudal Age
18:36 Horse Collar
24:20 Castle Age
23:28 Double-Bit Axe
26:12 Bow Saw
28:53 Imperial Age
29:22 Wheelbarrow
31:37 Heavy Plow
32:40 Fervor
33:46 Stone Mining
36:21 Ballistics
37:29 Conscription
37:07 Fletching
37:22 Scale Barding Armor
37:35 Gold Mining
38:27 Fortified Wall
38:39 Hand Cart
39:27 Stone Shaft Mining
39:43 Gold Shaft Mining
39:45 Crop Rotation
39:58 Double Crossbow
40:30 Siege Engineers
41:52 Chemistry
41:04 Masonry
40:17 Pikeman
40:43 Arson
41:25 Bodkin Arrow
41:50 Chain Barding Armor
41:39 Husbandry
42:21 Bracer
41:54 Elite Ballista Elephant
44:08 Capped Ram
44:44 Town Watch
44:42 Halberdier
45:49 Siege Ram
47:22 Plate Barding Armor
46:47 Scale Mail Armor
46:57 Forging
47:46 Hoardings
47:51 Town Patrol
49:15 Chain Mail Armor
49:30 Tusk Swords
49:01 Sappers
49:54 Bloodlines
50:48 Caravan
53:31 Iron Casting
52:50 Onager
52:50 Heavy Scorpion
56:06 Blast Furnace
55:07 Padded Archer Armor
55:55 Murder Holes
56:30 Architecture
55:52 Guard Tower
55:52 Heated Shot
56:13 Careening
56:13 Clinker Construction
56:09 Siphons
55:29 Man-at-Arms
55:49 Crossbowman
55:50 Elite Skirmisher
55:50 Heavy Cavalry Archer
56:02 Light Cavalry
56:02 Cavalier
56:02 Elite Battle Elephant
56:38 Fishing Lines
56:20 Demolition Ship
58:06 Coinage
57:55 Leather Archer Armor
57:01 Long Swordsman
58:10 Parthian Tactics
57:06 Arbalester
57:19 Hussar
58:13 Medium Warships
57:54 Gillnets
57:27 Elite Cannon Galleon
58:51 Keep
58:20 Devotion
58:26 Herbal Medicine
58:56 Illumination
59:07 Theocracy
58:53 Sanctity
tts.engamb
16:31 Feudal Age
20:41 Castle Age
19:25 Scale Barding Armor
19:31 Forging
19:06 Horse Collar
19:38 Gold Mining
24:01 Loom
29:19 Wheelbarrow
36:33 Heavy Plow
36:24 Double-Bit Axe
40:02 Imperial Age
37:49 Hand Cart
38:05 Bow Saw
38:38 Bloodlines
47:15 Elite Janissary
49:06 Iron Casting
48:21 Fletching
51:00 Stone Mining
52:23 Blast Furnace
51:18 Bodkin Arrow
51:44 Chain Barding Armor
56:21 Bracer
56:56 Plate Barding Armor
56:26 Husbandry
58:10 Town Watch
Connection lost

Rejoining the realm…

Still unreachable

The connection could not be restored.

Session expired

The server has moved on; the page needs a fresh start.